 Dungeon Crawl Stone Soup version 0.27-a0-1140-g099f9bb0e8 (webtiles) character file.

Game seed: 6682553626021950490

19160 Morbidden the Thaumaturge (level 12, -4/150 HPs)
             Began as a Black Draconian Conjurer on May 10, 2021.
             Was a High Priest of Vehumet.
             Slain by a cyan ugly thing (5 damage)
             ... on level 13 of the Dungeon.
             The game lasted 00:28:12 (16980 turns).

Morbidden the Thaumaturge (DrCj)                   Turns: 16980, Time: 00:28:13

Health: -4/150     AC: 26    Str:  6 (9)  XL:     12   Next: 34%
Magic:  3/26       EV:  2    Int: 22 (24) God:    Vehumet [*****.]
Gold:   710        SH:  0    Dex:  8 (10) Spells: 9/32 levels left

rFire    + . .     SeeInvis .     - Unarmed
rCold    + + .     Faith    .   (no shield)
rNeg     + + +     Spirit   .   (armour unavailable)
rPois    +         Reflect  .   (helmet currently unavailable)
rElec    +         Harm     .   (cloak currently unavailable)
rCorr    +         Rampage  .   (gloves currently unavailable)
Will     .....     NoTele   +   (boots currently unavailable)
Stlth    ++........             l - amulet of regeneration
HPRegen  1.35/turn              g - ring of protection from cold
MPRegen  0.20/turn              k - ring of positive energy

@: mighty, tree-form, resistant, attractive
A: stationary, stasis, torment immunity, boosted hp, (breathe lightning), AC +8,
unfitting armour, (electricity resistance), (cold-blooded)
a: Renounce Religion


You were on level 13 of the Dungeon.
You worshipped Vehumet.
Vehumet was extremely pleased with you.
You were a tree.
You visited 1 branch of the dungeon, and saw 14 of its levels.
You also visited: Sewer.

You collected 710 gold pieces.

Inventory:

Missiles
 p - 19 poisoned darts (quivered)
 y - 2 curare-tipped darts
Armour
 t - the +0 pair of boots of the Stone Wall (melded) {rPois rF+ rCorr Slay+3}
   (You found it on level 5 of the Dungeon)

   It affects your accuracy and damage with ranged weapons and melee attacks
   (+3).
   It protects you from fire.
   It protects you from poison.
   It protects you from acid and corrosion.
 z - a +1 pair of gloves (melded)
 A - a +0 cloak (melded)
Jewellery
 g - a ring of protection from cold (left branch)
 k - a ring of positive energy (right branch)
 l - an amulet of regeneration (around neck)
 D - an amulet of guardian spirit
 E - a ring of wizardry
Wands
 b - a wand of iceblast (14)
 s - a wand of acid (17)
 u - a wand of digging (5)
 w - a wand of flame (18)
 B - a wand of paralysis (14)
 F - a wand of polymorph (6)
Scrolls
 f - 6 scrolls of identify
 i - 8 scrolls of noise
 m - a scroll of brand weapon
 r - a scroll of teleportation
 v - 3 scrolls of enchant armour
 x - a scroll of magic mapping
Potions
 c - 2 potions of lignification
 d - a potion of brilliance
 e - a potion of haste
 h - 4 potions of flight
 o - a potion of degeneration


   Skills:
 * Level 7.1 Fighting
 * Level 5.9 Dodging
 + Level 3.4 Stealth
 * Level 5.7 Unarmed Combat
 * Level 10.6 Spellcasting
 * Level 9.7 Conjurations
 - Level 3.0 Hexes
 - Level 5.0 Translocations
 * Level 8.9 Air Magic
 + Level 0.5 Evocations


You had 9 spell levels left.
You knew the following spells:

 Your Spells              Type           Power      Damage    Failure   Level
a - Airstrike             Air            25%        N/A       1%          4
b - Searing Ray           Conj           100%       3d7       1%          2
c - Iskenderun's Mystic   Conj/Tloc      44%        2d10      1%          4
d - Fulminant Prism       Conj/Hex       19%        3d11      1%          4
e - Magic Dart            Conj           100%       1d8       1%          1
f - Shock                 Conj/Air       100%       1d9       1%          1
s - Lightning Bolt        Conj/Air       26%        1d42      1%          5
z - Static Discharge      Conj/Air       52%        N/A       1%          2

Your spell library contained the following spells:

 Spells                   Type           Power      Damage    Failure   Level
 Sticky Flame             Conj/Fire      33%        2d5       2%          4
 Blink                    Tloc           N/A        N/A       1%          2
 Conjure Flame            Conj/Fire      33%        6-21      1%          3
 Dazzling Flash           Conj/Hex       78%        N/A       1%          3
 Mephitic Cloud           Conj/Pois/Air  39%        N/A       1%          3
 Slow                     Hex            24%        N/A       2%          2
 Gell's Gravitas          Tloc           16%        N/A       2%          3
 Confusing Touch          Hex            24%        N/A       4%          3
 Animate Skeleton         Necr           22%        N/A       6%          1
 Pain                     Necr           44%        1d6       6%          1
 Call Imp                 Summ           11%        N/A       9%          2
 Vampiric Draining        Necr           5%         2d6       17%         3
 Yara's Violent Unravell  Hex/Tmut       9%         3d6       22%         5
 Animate Dead             Necr           5%         N/A       50%         4
 Petrify                  Tmut/Erth      11%        N/A       50%         4
 Metabolic Englaciation   Hex/Ice        9%         N/A       65%         5
 Agony                    Necr           11%        N/A       85%         5


Dungeon Overview and Level Annotations

Branches:
Dungeon (14/15)            Temple (0/1) D:5            Lair (0/6) D:11
    Orc (0/2) D:12          Sewer (visited)
 Vaults: D:13-14

Altars:
Ashenzari
Gozag
Kikubaaqudgha
Okawaru
Ru
Sif Muna
Trog
Vehumet
Wu Jian
Zin
Beogh

Shops:
D:1 (   D:2 :   D:9 [   D:11 *

Annotations:
D:7 3 runed translucent doors, anet's ghost, novice DECj
D:10 2 runed translucent doors, exclusion: orange crystal statue


Innate Abilities, Weirdness & Mutations

You are a tree.
Your roots penetrate the ground, keeping you stationary.
You cannot be teleported.
You are immune to unholy pain and torment.
Your maximum health is greatly increased.
Your equipment is partially melded.
((You can breathe wild blasts of lightning.))
((Your glossy black scales are hard. (AC +8)))
You cannot fit into any form of body armour.
((You are resistant to electric shocks. (rElec)))
((You are cold-blooded and may be slowed by cold attacks.))


Message History

The troll claws you but does no damage. The troll claws you.
* * * LOW HITPOINT WARNING * * *
The gargoyle hits you but does no damage.
The purple ugly thing basks in the mutagenic energy from its kin and changes!
The boulder beetle leaps!
The purple ugly thing gores you but does no damage.
The boulder beetle is pulled toward you!
Unknown command.
Unknown command.
You feel better. The troll bites you but does no damage.
The troll claws you but does no damage. x2
The gargoyle hits you with a +1 mace of protection.
* * * LOW HITPOINT WARNING * * *
The boulder beetle leaps!
The purple ugly thing gores you but does no damage.
The boulder beetle is pulled toward you!
Unknown command.
You feel better. The troll bites you!
* * * LOW HITPOINT WARNING * * *
The troll claws you but does no damage. The troll claws you.
* * * LOW HITPOINT WARNING * * *
The gargoyle hurls a stone arrow at you.
The stone arrow hits you!
* * * LOW HITPOINT WARNING * * *
The purple ugly thing completely misses you.
The cyan ugly thing pecks you but does no damage.
The boulder beetle is pulled toward you!
Unknown command.
Unknown command.
You feel better.
The gargoyle hurls a stone arrow at you.
The stone arrow hits you but does no damage.
The troll bites you!
* * * LOW HITPOINT WARNING * * *
The troll claws you but does no damage. The troll claws you.
* * * LOW HITPOINT WARNING * * *
The boulder beetle leaps!
The purple ugly thing gores you but does no damage.
The cyan ugly thing pecks you.
You die...

.... ..#. .. ....
.... ....
..B..#.)####.....
.....#?...........
#.........#......
##............... .
......9uu..........
.......♣○.....# ...
#.$##...T....##....
#...............
#.............#
#........<...##
##..........##
#..........#
#............
#..............


You could see a boulder beetle, 2 ugly things, a troll and a gargoyle.

Vanquished Creatures
  A hydra (D:14)
  A centaur warrior (D:13)
  A deep elf pyromancer (D:9)
  A cyclops (D:14)
  8 ugly things (D:14)
  2 manticores (D:13)
  2 kobold demonologists (D:12)
  2 unseen horrors
  A freezing wraith (D:11)
  4 trolls
  A hornet (D:7)
  5 slime creatures (D:12)
  A shadow (D:9)
  4 wraiths
  2 wyverns
  23 yaks
  2 steam dragons
  A basilisk (D:14)
  An acid dragon (D:9)
  9 orc warriors
  An ice beast (D:7)
  3 sky beasts
  A black bear (D:5)
  8 ogres
  A necrophage (D:5)
  3 centaurs
  2 phantoms
  3 kobold brigands
  2 bullfrogs
  2 scorpions
  11 killer bees
  5 howler monkeys
  10 wights
  A centaur skeleton (D:5)
  A centaur zombie (D:7)
  3 hounds
  A bullfrog skeleton (D:6)
  8 orc priests
  2 gnoll shamans
  3 jellies
  Terence (D:2)
  An iguana (D:5)
  8 orc wizards
  2 hound skeletons
  14 gnolls
  A howler monkey skeleton (D:7)
  3 adders (D:2)
  A river rat (Sewer)
  A shadow imp (D:5)
  2 white imps (D:7)
  An ufetubus (D:5)
  2 worms
  4 dart slugs
  32 orcs
  4 bats
  A bat zombie (D:10)
  5 endoplasms
  3 giant cockroaches
  9 hobgoblins
  3 jackals
  9 quokkas
  14 ball pythons
  3 frilled lizards
  3 goblins
  15 kobolds
  9 rats
294 creatures vanquished.

Vanquished Creatures (others)
  2 humans (D:14)
  An ogre (D:6)
  A water moccasin zombie (D:6)
  An iguana (D:6)
  An orc wizard (D:9)
  A killer bee zombie (D:6)
  A bush (D:10)
  3 fulminant prisms (D:8)
  2 plants (D:2)
13 creatures vanquished.

Grand Total: 307 creatures vanquished

Notes
Turn   | Place    | Note
-------+----------+-------------------------------------------
     0 | D:1      | Morbidden the Draconian Conjurer began the quest for the
                  | Orb.
     0 | D:1      | Reached XP level 1. HP: 14/14 MP: 3/3
   179 | D:1      | Found Xeleerah's Antique Weapon Emporium.
   284 | D:1      | Reached XP level 2. HP: 10/20 MP: 0/5
   559 | D:1      | Learned a level 2 spell: Searing Ray
   757 | D:1      | Found a faded altar of an unknown god.
  1376 | D:2      | Reached XP level 3. HP: 27/27 MP: 0/6
  1491 | D:2      | Reached skill level 1 in Fighting
  2207 | D:2      | Found a broken altar of Ashenzari.
  2356 | D:2      | Noticed Terence
  2457 | D:2      | Killed Terence
  2458 | D:2      | Reached XP level 4. HP: 32/35 MP: 0/8
  2601 | D:2      | Found Keczaxa's Book Emporium.
  2701 | D:2      | Reached skill level 5 in Conjurations
  2711 | D:2      | Learned a level 4 spell: Iskenderun's Mystic Blast
  2996 | D:3      | Found a radiant altar of Vehumet.
  3070 | D:3      | Reached skill level 3 in Spellcasting
  3070 | D:3      | Reached XP level 5. HP: 26/40 MP: 1/9
  3332 | D:3      | Became a worshipper of Vehumet
  4319 | D:4      | Noticed a phantom
  4377 | D:4      | Killed a phantom
  4378 | D:4      | Reached XP level 6. HP: 50/50 MP: 1/11
  4523 | D:4      | Reached skill level 1 in Translocations
  4725 | D:4      | Reached skill level 4 in Spellcasting
  4874 | D:4      | Your scales start taking on a glossy black colour.
  4874 | D:4      | Reached XP level 7. HP: 57/57 MP: 6/13
  4874 | D:4      | Gained mutation: You are resistant to electric shocks.
                  | (rElec) [Black Draconian growth]
  5150 | D:4      | Found an iron altar of Okawaru.
  5679 | D:5      | Entered Level 5 of the Dungeon
  5689 | D:5      | Reached * piety under Vehumet
  5689 | D:5      | Offered knowledge of Sandblast by Vehumet.
  6205 | D:5      | Reached skill level 5 in Spellcasting
  6251 | D:5      | Found a staircase to the Ecumenical Temple.
  6268 | D:5      | Reached XP level 8. HP: 66/66 MP: 9/15
  6425 | D:5      | Found a large runed translucent door.
  6427 | D:5      | Found a large runed translucent door.
  6784 | D:5      | Learned a level 4 spell: Fulminant Prism
  6905 | D:5      | Identified the +0 pair of boots of the Stone Wall {rPois
                  | rF+ rCorr Slay+3}
  7080 | D:5      | Reached skill level 1 in Unarmed Combat
  7227 | D:5      | Found a glowing silver altar of Zin.
  7264 | D:5      | Found a bloodstained altar of Trog.
  7330 | D:6      | Reached skill level 6 in Spellcasting
  7632 | D:6      | Found a glowing drain.
  7636 | Sewer    | Entered a sewer
  7732 | Sewer    | Reached skill level 1 in Hexes
  7815 | Sewer    | Found a white marble altar of Elyvilon.
  8069 | D:7      | Reached XP level 9. HP: 55/72 MP: 13/18
  8201 | D:7      | Reached ** piety under Vehumet
  8411 | D:7      | Offered knowledge of Shock by Vehumet.
  8622 | D:7      | Learned a level 1 spell: Shock
  8797 | D:7      | Found a broken altar of Ashenzari.
  8855 | D:7      | Noticed a komodo dragon
  8856 | D:7      | Found a runed translucent gate.
  8857 | D:7      | Found a runed translucent gate.
  8860 | D:7      | Noticed anet's ghost (novice DECj)
  8862 | D:7      | Noticed a fire crab
  8864 | D:7      | Reached skill level 7 in Spellcasting
  8876 | D:7      | Found a runed translucent gate.
  8877 | D:7      | Found an opulent altar of Gozag.
  9010 | D:7      | Reached skill level 5 in Fighting
  9339 | D:7      | Found an opulent altar of Gozag.
  9342 | D:7      | Found an ornate altar of the Wu Jian Council.
  9344 | D:7      | Found a sacrificial altar of Ru.
  9585 | D:8      | Reached skill level 1 in Air Magic
  9642 | D:8      | Offered knowledge of Static Discharge by Vehumet.
  9673 | D:8      | Learned a level 2 spell: Static Discharge
  9880 | D:8      | Killed an unseen horror
  9881 | D:8      | Reached XP level 10. HP: 36/81 MP: 15/21
 10156 | D:8      | Reached *** piety under Vehumet
 11431 | D:9      | Offered knowledge of Airstrike by Vehumet.
 11436 | D:9      | Noticed a deep elf pyromancer
 11455 | D:9      | Killed a deep elf pyromancer
 11456 | D:9      | Reached skill level 8 in Spellcasting
 11554 | D:9      | Found Gyeng's Antique Armour Emporium.
 11590 | D:9      | Found a shimmering blue altar of Sif Muna.
 12125 | D:9      | Reached **** piety under Vehumet
 12131 | D:9      | Learned a level 4 spell: Airstrike
 12311 | D:10     | Entered Level 10 of the Dungeon
 12387 | D:10     | Found the +10 tower shield of Ignorance {rN+ Int-4}
 12395 | D:10     | Found a runed translucent door.
 12568 | D:10     | Reached skill level 5 in Translocations
 12719 | D:10     | Reached XP level 11. HP: 89/89 MP: 9/23
 12727 | D:10     | Offered knowledge of Lightning Bolt by Vehumet.
 12734 | D:10     | Learned a level 5 spell: Lightning Bolt
 13073 | D:10     | Reached skill level 5 in Air Magic
 13298 | D:10     | Reached skill level 9 in Spellcasting
 13554 | D:10     | Noticed an orange crystal statue
 13571 | D:10     | Found a runed translucent door.
 14026 | D:10     | Found an ancient bone altar of Kikubaaqudgha.
 14068 | D:11     | Found a staircase to the Lair.
 14071 | D:11     | Found Merrator's General Store.
 14090 | D:11     | You fall into a shaft and drop 3 floors!
 14090 | D:14     | Noticed a red ugly thing
 14090 | D:14     | Noticed a white ugly thing
 14090 | D:14     | Noticed a white ugly thing
 14090 | D:14     | Noticed a white ugly thing
 14090 | D:14     | Noticed a red ugly thing
 14090 | D:14     | Noticed a red ugly thing
 14112 | D:14     | Killed a cyan ugly thing
 14113 | D:14     | Reached skill level 5 in Unarmed Combat
 14115 | D:14     | Killed a white ugly thing
 14119 | D:14     | Killed a brown ugly thing
 14119 | D:14     | Noticed a red ugly thing
 14120 | D:14     | Killed a red ugly thing
 14121 | D:14     | Noticed a white ugly thing
 14125 | D:14     | Killed a white ugly thing
 14125 | D:14     | Killed a white ugly thing
 14129 | D:14     | Killed a white ugly thing
 14133 | D:14     | Killed a white ugly thing
 14134 | D:14     | Reached skill level 5 in Dodging
 14244 | D:14     | Noticed a death yak
 14244 | D:14     | Noticed a death yak
 14255 | D:14     | Noticed a death yak
 14256 | D:14     | Noticed a death yak
 14375 | D:14     | Noticed a five-headed hydra
 14386 | D:14     | Killed a five-headed hydra
 14807 | D:14     | Noticed a rakshasa
 14826 | D:13     | Noticed a boulder beetle
 15285 | D:11     | Reached skill level 10 in Spellcasting
 15744 | D:11     | Noticed a death knight
 15970 | D:12     | Reached XP level 12. HP: 97/97 MP: 13/26
 16217 | D:12     | Found a staircase to the Orcish Mines.
 16220 | D:12     | Reached ***** piety under Vehumet
 16220 | D:12     | Offered knowledge of Sticky Flame by Vehumet.
 16948 | D:13     | Noticed a centaur warrior
 16955 | D:13     | Killed a centaur warrior
 16979 | D:13     | HP: 1/150 [gargoyle/stone arrow (10)]
 16980 | D:13     | Slain by a cyan ugly thing

Illustrated notes

Levels and vault maps discovered:
D:1:      amcnicky_arrival_choice, layout_loops_ring,
          hellmonk_ecumenical_altar_blasted, serial_shops,
          nicolae_shop_statue_plus
D:2:      layout_basic, basic_altar, serial_shops, nicolae_shop_crystal,
          minmay_shallow_snake_nest, uniq_terence
D:3:      layout_loops_corners, nicolae_vehumet_radiance
D:4:      layout_basic, okawaru_altar_gauntlet_db, minivault_14,
          corexii_leaking_fountain, chequers_serial_rivers_micro_a,
          minmay_misc_feat_chi
D:5:      layout_gridville, jmf_multi_god_temple2, temple_statues
D:6:      layout_basic, gup_sewer_entry_spiral, lemuel_flamethrower_2,
          uniq_crazy_yiuf_cottage
D:7:      layout_basic, marbit_many_paths, minitemple, ebering_ghost_gozag,
          hangedman_decor_diamond_cutter, serial_bayou_pond_e
D:8:      kennysheep_blocky_room, layout_basic, chequers_serial_rivers_large_a,
          david_defended_altar_orc
D:9:      layout_loops_corners, led_sif_book, serial_shops, shop
D:10:     layout_loops_corners, lemuel_zombie_altar_kikubaaqudgha,
          kb_lookout_dungeons_type, chequers_guarded_unrand_ignorance
D:11:     layout_rooms, lair_entry_dummy, serial_shops,
          nicolae_shop_statue_plus, chequers_serial_rivers_micro_d
D:12:     layout_rooms, david_orc_2
D:13:     kennysheep_snake, layout_cave_pools, grunt_vaults_entry_fortified,
          serial_shops, kennysheep_little_box
D:14:     slaughterhouse, layout_loops_ring, hangedman_decor_opposing

Skill      XL: |  1  2  3  4  5  6  7  8  9 10 11 12 |
---------------+-------------------------------------+-----
Fighting       | 1 2 3 4 5 6 7 |  7.1
Stealth        | 2 3 |  3.4
Conjurations   | 5 6 7 8 9 |  9.7
Dodging        | 2 3 4 5 |  5.9
Spellcasting   | 3 4 5 6 7 8 10 | 10.6
Translocations | 1 2 3 4 5 |  5.0
Unarmed Combat | 2 3 4 5 |  5.7
Hexes          | 1 2 3 |  3.0
Air Magic      | 1 4 8 |  8.9
Evocations     | |  0.5

Action                   |  1- 3 |  4- 6 |  7- 9 | 10-12 || total
-------------------------+-------+-------+-------+-------++-------
Melee: Unarmed           |    62 |    35 |    51 |   105 ||   253
       Tailslap          |     4 |     4 |     4 |    13 ||    25
       Punch             |       |       |     1 |     3 ||     4
Throw: Dart              |       |       |       |     1 ||     1
 Cast: Magic Dart        |    87 |    63 |    99 |       ||   249
       Searing Ray       |     5 |    14 |    57 |    33 ||   109
       Iskenderun's Myst |       |       |     7 |    26 ||    33
       Shock             |       |       |    42 |    20 ||    62
       Fulminant Prism   |       |       |     3 |       ||     3
       Static Discharge  |       |       |       |    67 ||    67
       Airstrike         |       |       |       |    87 ||    87
 Abil: Breathe Lightning |       |       |     7 |     9 ||    16
Evoke: Wand              |       |       |     2 |    20 ||    22
  Use: Potion            |       |     1 |     3 |    11 ||    15
       Scroll            |       |     3 |     5 |     7 ||    15
 Stab: Sleeping          |       |       |       |     1 ||     1
Armor: Skin              |    14 |     9 |    41 |   101 ||   165
Dodge: Dodged            |    49 |    22 |    91 |   157 ||   319

Table legend: (Time is in decaauts)
 A = Elapsed time spent in this place.
 B = Non-inter-level travel time spent in this place.
 C = Inter-level travel time spent in this place.
 D = Time resting spent in this place.
 E = Time spent auto-exploring this place.
 F = Levels seen in this place.
 G = Mean time per level.
                   A        B        C        D        E       F      G
               +--------+--------+--------+--------+--------+-----+--------+
         Total |  17094 |  16781 |    313 |   1545 |  12610 |  15 | 1139.6 |
       Dungeon |  16827 |  16514 |    313 |   1545 |  12404 |  14 | 1201.9 |
         Sewer |    266 |    266 |      0 |      0 |    205 |   1 |  266.0 |
               +--------+--------+--------+--------+--------+-----+--------+

Top non-repeatable levels by time:
    D:10: 1931 daAuts
     D:4: 1634 daAuts
     D:1: 1537 daAuts
     D:9: 1437 daAuts
     D:3: 1426 daAuts
     D:5: 1425 daAuts
     D:7: 1409 daAuts
     D:8: 1405 daAuts
     D:2: 1268 daAuts
    D:12: 1114 daAuts
    D:11: 918 daAuts
    D:14: 735 daAuts
     D:6: 540 daAuts
   Sewer: 266 daAuts
    D:13: 41 daAuts
